 Dungeon Sprint DCSS version 0.21.1-1-g345015f (webtiles) character file.

640 sanboga the Cleaver (level 7, -1/51 HPs)
             Began as a Gargoyle Berserker on Feb 11, 2018.
             Was an Elder of Trog.
             Slain by an ogre
             ... wielding a +0 giant spiked club
              (13 damage)
             ... in the Dungeon (Sprint IX: "|||||||||||||||||||||||||||||").
             The game lasted 00:01:23 (415 turns).

sanboga the Cleaver (Gargoyle Berserker)             Turns: 415, Time: 00:01:24

Health: -1/51      AC: 21    Str: 23    XL:     7   Next: 51%
Magic:  7/7        EV:  9    Int: 10    God:    Trog [****..]
Gold:   0          SH:  0    Dex:  9    Spells: 6/6 levels left

rFire    . . .     SeeInvis .   a - +0 hand axe
rCold    . . .     Gourm    .   (no shield)
rNeg     + . .     Faith    .   n - +1 chain mail
rPois    ∞         Spirit   .   g - +0 helmet
rElec    +         Reflect  .   (no cloak)
rCorr    .         Harm     .   (no gloves)
MR       .....     NoTele   +   m - +0 pair of boots
Stlth    ..........             (no amulet)
HPRegen  0.17/turn              p - +3 ring of intelligence
MPRegen  0.10/turn              o - +2 ring of protection

@: berserk cooldown, fainting, slowed, very slow
A: negative energy resistance 1, electricity resistance, unbreathing,
petrification resistance, rot immunity, AC +4
a: Berserk, Trog's Hand, Brothers in Arms, Burn Spellbooks, Renounce Religion


You were in the Dungeon.
You worshipped Trog.
Trog was greatly pleased with you.
You were fainting.

You visited 1 branch

Inventory:

Hand Weapons
 a - a +0 hand axe (weapon)
Armour
 g - a +0 helmet (worn)
 m - a +0 pair of boots (worn)
 n - a +1 chain mail (worn)
Jewellery
 o - a +2 ring of protection (right hand)
 p - a +3 ring of intelligence (left hand)
Wands
 l - a wand of iceblast (10)
Scrolls
 i - 2 scrolls of blinking
 k - 3 scrolls of remove curse
Potions
 d - 5 potions of curing
 e - 3 potions of heal wounds
 f - a potion of haste
 h - a potion of berserk rage
 j - a potion of invisibility
Comestibles
 c - a ration


   Skills:
 + Level 9.3 Fighting
 * Level 10.3 Axes
 + Level 9.0 Armour
 - Level 2.4 Dodging


You had 6 spell levels left.
You didn't know any spells.

Dungeon Overview and Level Annotations

Branches:
Dungeon (1/1)

Altars:
Cheibriados
Dithmenos
Elyvilon
Fedhas
Gozag
Hepliaklqana
Kikubaaqudgha
Makhleb
Nemelex Xobeh
Okawaru
Qazlal
Ru
Sif Muna
Trog
Uskayaw
Vehumet
Wu Jian
Xom
Yredelemnul
Zin
The Shining One
Beogh
Jiyva
Lugonu


Innate Abilities, Weirdness & Mutations

You are resistant to torment.
Your stone body is resilient. (AC +4)
You are immune to poison.
You resist negative energy. (rN+)
You are resistant to electric shocks. (rElec)
You can survive without breathing.
You are immune to petrification.
You are immune to rotting.


Message History

You hit the ogre but do no damage. The ogre barely misses you.
You barely miss the ogre. The ogre closely misses you.
You barely miss the ogre. You slash the ogre!
The ogre is heavily wounded.
The ogre hits you with a giant spiked club.
You hit the ogre.
The ogre is severely wounded.
The ogre misses you.
You hit the ogre but do no damage.
The ogre is severely wounded.
The ogre barely misses you.
You barely miss the ogre.
The ogre is severely wounded.
The ogre hits you with a giant spiked club.
* * * LOW HITPOINT WARNING * * *
Your chain mail prevents you from hitting the ogre.
The ogre is severely wounded.
The ogre hits you with a giant spiked club!
You die... ▓▓▓▓▓▓▓▓▓▓▓▓▓▓▓▓▓▓▓▓▓▓▓ +....O@'[....)!?.'_____ ▓▓▓▓▓▓▓▓▓▓▓▓▓▓▓▓▓▓▓▓▓▓▓

You could see an ogre.

Vanquished Creatures
  A hippogriff (D)
  2 hungry ghosts (D)
  2 ogres (D)
  An iguana (D)
  A gnoll (D)
  A leopard gecko (D)
  2 orcs (D)
  A goblin (D)
  A kobold (D)
  A bat (D)
  A giant cockroach zombie (D)
  A rat (D)
15 creatures vanquished.

Notes
Turn   | Place    | Note
-------+----------+-------------------------------------------
     0 | D        | sanboga the Gargoyle Berserker began the quest for the Orb.
     0 | D        | Reached XP level 1. HP: 14/14 MP: 1/1
    19 | D        | Reached ** piety under Trog
    19 | D        | Reached skill level 3 in Axes
    26 | D        | Reached XP level 2. HP: 20/20 MP: 2/2
    72 | D        | Noticed an ogre
    72 | D        | Noticed an ogre
    77 | D        | Killed an ogre
    77 | D        | Reached skill level 5 in Fighting
    77 | D        | Reached skill level 5 in Axes
    77 | D        | Reached skill level 5 in Armour
    77 | D        | Reached XP level 3. HP: 26/27 MP: 3/3
    77 | D        | Reached XP level 4. HP: 31/32 MP: 4/4
    78 | D        | Reached *** piety under Trog
    87 | D        | Killed an ogre
    87 | D        | Reached skill level 7 in Axes
    87 | D        | Reached XP level 5. HP: 24/37 MP: 5/5
   286 | D        | Found a roughly hewn altar of Beogh.
   286 | D        | Found a snail-covered altar of Cheibriados.
   286 | D        | Found a shadowy altar of Dithmenos.
   286 | D        | Found a white marble altar of Elyvilon.
   286 | D        | Found a blossoming altar of Fedhas.
   286 | D        | Found an opulent altar of Gozag.
   287 | D        | Found a hazy altar of Hepliaklqana.
   288 | D        | Found a viscous altar of Jiyva.
   289 | D        | Found an ancient bone altar of Kikubaaqudgha.
   290 | D        | Found a corrupted altar of Lugonu.
   291 | D        | Found a burning altar of Makhleb.
   292 | D        | Found a sparkling altar of Nemelex Xobeh.
   293 | D        | Found an iron altar of Okawaru.
   294 | D        | Found a stormy altar of Qazlal.
   295 | D        | Found a sacrificial altar of Ru.
   296 | D        | Found a deep blue altar of Sif Muna.
   297 | D        | Found a bloodstained altar of Trog.
   298 | D        | Found a hide-covered altar of Uskayaw.
   299 | D        | Found a radiant altar of Vehumet.
   300 | D        | Found an ornate altar of the Wu Jian Council.
   301 | D        | Found a shimmering altar of Xom.
   302 | D        | Found a basalt altar of Yredelemnul.
   303 | D        | Found a glowing silver altar of Zin.
   304 | D        | Found a glowing golden altar of the Shining One.
   355 | D        | Noticed an ogre
   355 | D        | Noticed a hippogriff
   355 | D        | Noticed a hungry ghost
   355 | D        | Noticed a hungry ghost
   361 | D        | Killed a hungry ghost
   361 | D        | Reached **** piety under Trog
   361 | D        | Reached skill level 8 in Axes
   361 | D        | Reached XP level 6. HP: 44/44 MP: 6/6
   373 | D        | Killed a hungry ghost
   373 | D        | Reached skill level 9 in Axes
   373 | D        | Reached XP level 7. HP: 50/50 MP: 7/7
   397 | D        | Killed a hippogriff
   397 | D        | Reached skill level 10 in Axes
   415 | D        | Slain by an ogre

Skill      XL: |  1  2  3  4  5  6  7 |
---------------+----------------------+-----
Axes           | 3 5 7 8 9 10 | 10.3
Dodging        | 2 |  2.4
Fighting       | 4 5 6 8 9 |  9.3
Armour         | 3 5 6 7 8 9 |  9.0

Action                   |  1- 3 |  4- 6 |  7- 9 || total
-------------------------+-------+-------+-------++-------
Melee: Hand axe          |    23 |    32 |    41 ||    96
Invok: Berserk           |     2 |     1 |       ||     3
Armor: Animal skin       |     3 |     1 |       ||     4
       Chain mail        |       |     4 |    49 ||    53
Dodge: Dodged            |    15 |    12 |    22 ||    49
